WCHLSIM.com - West Coast Hockey League
html PUBLIC "-//W3C//DTD XHTML 1.0 Transitional//EN" "http://www.w3.org/TR/xhtml1/DTD/xhtml1-transitional.dtd"> WCHL - Game 826 - WINNIPEG BEAVERS vs SAN JOSE BRONCOS

WINNIPEG BEAVERS vs SAN JOSE BRONCOS

Created - 14 février 2020 at 17:08

Goals
1 2 3 T
WINNIPEG BEAVERS 0 0 1 1
SAN JOSE BRONCOS 2 0 0 2
Shots
1 2 3 T
WINNIPEG BEAVERS 11 4 11 26
SAN JOSE BRONCOS 7 10 9 26

1st period

1. SAN JOSE BRONCOS , Alexander Radulov 23 (Evgeni Malkin 30, Jaccob Slavin 23) at 3:47 (PP)
2. SAN JOSE BRONCOS , Evgeni Malkin 15 (Zach Parise 27, Alexander Radulov 22) at 5:08

Penalties :
Nick Seeler (WIN) for High sticking (Minor) at 1:50, David Backes (WIN) for Holding (Minor) at 2:14, David Krejci (WIN) for Holding (Minor) at 7:41, Carter Rowney (SJO) for Hooking (Minor) at 12:04, Justin Braun (WIN) for Slashing (Minor) at 14:19

2nd period

No Goal

Penalties :
Brady Skjei (SJO) for Hooking (Minor) at 0:39, Zach Bogosian (WIN) for Slashing (Minor) at 5:11, Connor Brown (SJO) for Slashing (Minor) at 9:06, Brandon Tanev (WIN) for Cross-checking (Minor) at 15:27, Caleb Jones (WIN) for Hooking (Minor) at 18:14

3rd period

3. WINNIPEG BEAVERS , Brad Marchand 37 (Gustav Nyquist 39, David Krejci 43) at 6:35

Penalties :
Nick Seeler (WIN) for Hooking (Minor) at 14:51

Goalie Stats

Sergei Bobrovsky (WIN), 24 saves from 26 shots - (0,923), L, 28-15-2, 59:13 minutes
Jacob Markstrom (SJO), 25 saves from 26 shots - (0,962), W, 29-15-3, 60:00 minutes

Players Stats for WINNIPEG BEAVERS

Player Name              G  A  P  +/- PIM S  H  SB GA TA FO     MP     PP MP  PK MP  
------------------------------------------------------------------------------------
Brad Marchand            1  0  1   0  0   4  1  0  0  0  1/2    16:47   3:25   0:00 
Brandon Tanev            0  0  0   0  2   1  2  1  0  0  0/2    17:56   0:00   4:58 
Caleb Jones              0  0  0  -1  2   0  1  1  0  0  0/0    15:56   0:00   0:40 
David Backes             0  0  0   0  2   2  2  0  0  0  2/6    14:23   0:00   4:15 
David Krejci             0  1  1   0  2   5  1  0  0  0  9/19   17:42   3:55   0:26 
Gustav Nyquist           0  1  1   0  0   3  2  0  0  0  0/1    16:50   2:32   0:56 
Ilya Kovalchuk           0  0  0   0  0   4  2  0  0  0  1/2    13:14   2:32   0:34 
Justin Braun             0  0  0  -1  2   0  0  0  0  0  0/0    20:29   0:00   5:12 
Kris Russell             0  0  0   1  0   0  1  2  0  0  0/0    23:30   2:02   6:50 
Matt Cullen              0  0  0   0  0   0  0  0  0  0  2/3     8:51   0:00   5:34 
Mika Zibanejad           0  0  0   0  0   3  0  2  0  0  13/21  17:16   3:25   0:52 
Mike Green               0  0  0   0  0   0  0  0  0  0  0/0    20:24   3:55   6:38 
Nick Seeler              0  0  0   0  4   0  3  0  0  0  0/0    12:21   0:00   2:33 
Pontus Aberg             0  0  0   0  0   2  0  0  0  0  0/0     3:17   0:00   0:00 
Reyley Smith             0  0  0   0  0   0  0  0  0  0  1/3    16:24   3:25   0:00 
Travis Zajac             0  0  0   0  0   2  0  1  0  0  14/19  19:03   2:32   6:23 
Troy Brouwer             0  0  0   0  0   0  0  0  0  0  0/2     6:19   0:00   3:02 
Zach Bogosian            0  0  0   1  2   0  2  2  0  0  0/0    23:20   2:02   6:41 

Players Stats for SAN JOSE BRONCOS

Player Name              G  A  P  +/- PIM S  H  SB GA TA FO     MP     PP MP  PK MP  
------------------------------------------------------------------------------------
Adam Pelech              0  0  0  -1  0   1  1  2  0  0  0/0    22:24   7:09   2:55 
Alexander Radulov        1  1  2   1  0   3  0  0  0  0  1/4    20:23   6:42   0:00 
Brady Skjei              0  0  0  -1  2   1  2  1  0  0  0/0    21:42   7:09   2:14 
Brett Kulak              0  0  0   0  0   0  0  0  0  0  0/0     0:14   0:00   0:00 
Carter Rowney            0  0  0   0  2   0  0  0  0  0  0/0     7:47   0:00   0:00 
Colton Sissons           0  0  0   0  0   1  0  0  0  0  0/0     6:50   0:00   0:00 
Connor Brown             0  0  0  -1  2   3  1  0  0  0  0/0    19:01   7:35   0:00 
Dustin Brown             0  0  0  -1  0   2  2  0  0  0  1/3    19:02   7:35   0:00 
Evgeni Malkin            1  1  2   1  0   4  3  0  0  0  11/25  20:23   6:42   0:00 
Jaccob Slavin            0  1  1   1  0   2  0  0  0  0  0/0    23:52   7:08   3:02 
Jared Spurgeon           0  0  0   1  0   0  0  0  0  0  0/0    24:06   7:08   3:02 
Jordan Weal              0  0  0   0  0   2  0  0  0  0  1/3     7:48   0:00   0:00 
Marco Scandella          0  0  0   0  0   0  0  1  0  0  0/0    14:11   0:00   0:41 
Mikko Koivu              0  0  0  -1  0   1  0  0  0  0  14/25  15:16   0:00   3:49 
Nick Bonino              0  0  0   0  0   0  1  0  0  0  9/16   16:33   7:35   2:08 
Nick Holden              0  0  0   0  0   0  2  2  0  0  0/0    13:30   0:00   0:00 
Oliver Bjorkstrand       0  0  0   0  0   3  1  0  0  0  0/1    16:46   0:00   2:08 
Zach Parise              0  1  1   1  0   3  1  0  0  0  0/3    24:12   6:42   3:49 

3 Stars

1 - Evgeni Malkin (SJO)
2 - Alexander Radulov (SJO)
3 - Jacob Markstrom (SJO)

Power Play

WINNIPEG BEAVERS - 0 on 3 Attempt(s) - 0,00%
SAN JOSE BRONCOS - 1 on 8 Attempt(s) - 12,50%

Penalty Kill

WINNIPEG BEAVERS - 7 on 8 Attempt(s) - 87,50% - Score 0 goal in Penalty Kill
SAN JOSE BRONCOS - 3 on 3 Attempt(s) - 100,00% - Score 0 goal in Penalty Kill

Team Stat

WINNIPEG BEAVERS - Hits : 17 - Faceoff Wins : 43 - Blocked Shots : 9 - Penalty Minutes : 16
SAN JOSE BRONCOS - Hits : 14 - Faceoff Wins : 37 - Blocked Shots : 6 - Penalty Minutes : 6

Official

Referees : Furman South and Chris Rooney
Linesman : Chad Evers and Andrew Buck

Game Notes

No Game Note

Finance

Level 1 -- Attendance: 5652 (94,20%) -- Ticket Income 717 804 $
Level 2 -- Attendance: 4977 (99,54%) -- Ticket Income 383 229 $
Level 3 -- Attendance: 1698 (84,90%) -- Ticket Income 106 974 $
Level 4 -- Attendance: 4000 (100,00%) -- Ticket Income 112 000 $
Luxury Box -- Attendance: 900 (90,00%) -- Ticket Income 204 300 $
Total Attendance: 17227 (95,71%)
Total Ticket Income: 1 524 307 $
Other Income: 457 292 $
Total Income: 1 981 599 $

WINNIPEG BEAVERS

5 vs 5 Forward 
   Center                   Left Wing                Right Wing               Time % Phy DF OF 
 1 David Krejci             Brad Marchand            Gustav Nyquist           31     0   3  2  
 2 Mika Zibanejad           Brandon Tanev            Reyley Smith             31     0   2  3  
 3 Travis Zajac             Ilya Kovalchuk           David Backes             28     1   3  1  
 4 Matt Cullen              Troy Brouwer             Pontus Aberg             10     0   4  1  

5 vs 5 Defense 
   Defense                  Defense                                           Time % Phy DF OF 
 1 Zach Bogosian            Kris Russell                                      32     0   3  2  
 2 Justin Braun             Caleb Jones                                       31     1   3  1  
 3 Mike Green               Nick Seeler                                       28     1   3  1  
 4 Mike Green               Nick Seeler                                       9      1   4  0  

PowerPlay Forward 
   Center                   Left Wing                Right Wing               Time % Phy DF OF 
 1 Mika Zibanejad           Brad Marchand            Reyley Smith             52     0   0  5  
 2 Travis Zajac             Ilya Kovalchuk           Gustav Nyquist           48     0   1  4  

PowerPlay Defense
   Defense                  Defense                                           Time % Phy DF OF 
 1 David Krejci             Mike Green                                        52     0   0  5  
 2 Zach Bogosian            Kris Russell                                      48     0   1  4  

Penalty Kill 4 Players Forward 
   Center                   Wing                     Time % Phy DF OF 
 1 Travis Zajac             Brandon Tanev            52     1   3  1  
 2 David Backes             Matt Cullen              48     1   4  0  

Penalty Kill 4 Players Defense
   Defense                  Defense                  Time % Phy DF OF 
 1 Zach Bogosian            Kris Russell             50     1   4  0  
 2 Justin Braun             Mike Green               50     1   4  0  

Penalty Kill - 3 Players Forward 
   Forward                                           Time % Phy DF OF 
 1 Travis Zajac                                      55     1   2  2  
 2 David Backes                                      45     1   2  2  

Penalty Kill - 3 Players Defense
   Defense                  Defense                  Time % Phy DF OF 
 1 Zach Bogosian            Kris Russell             55     1   2  2  
 2 Justin Braun             Mike Green               45     1   2  2  

4 vs 4 Forward 
   Center                   Wing                     Time % Phy DF OF 
 1 David Krejci             Brad Marchand            51     1   2  2  
 2 Travis Zajac             Reyley Smith             49     1   2  2  

4 vs 4 Defense
   Defense                  Defense                  Time % Phy DF OF 
 1 Mike Green               Kris Russell             51     1   2  2  
 2 Justin Braun             Nick Seeler              49     1   2  2  

Last Minutes Offensive
   Center                   Left Wing                Right Wing               Defense                  Defense                  
   Mika Zibanejad           Brad Marchand            Reyley Smith             Mike Green               Kris Russell             

Last Minutes Defensive
   Center                   Left Wing                Right Wing               Defense                  Defense                  
   David Krejci             Brad Marchand            Reyley Smith             Justin Braun             Kris Russell             

Goaltenders
Starting : Sergei Bobrovsky         
Backup : Linus Ullmark            

Extra Forwards
Normal : Mika Zibanejad, Brad Marchand, Reyley Smith - PP : David Krejci, Brad Marchand - PK : Troy Brouwer
Extra Defensemen
Normal : Mike Green, Zach Bogosian, Justin Braun - PP : Mike Green - PK : Nick Seeler, Justin Braun
Penalty Shots
Brad Marchand, Mika Zibanejad, David Krejci, Reyley Smith, Gustav Nyquist
Custom OT Lines Forwards
Brad Marchand, Mika Zibanejad, David Krejci, Reyley Smith, Ilya Kovalchuk, Gustav Nyquist, Brandon Tanev, David Backes, Travis Zajac, Matt Cullen
Custom OT Lines Defensemen
Mike Green, Kris Russell, Justin Braun, Zach Bogosian, Caleb Jones

Scratches
Dominik Shine (Healthy), Trevor Daley (Fractured Metatarsal (Right Foot) Injury), Griffin Reinhart (Healthy), Kevan Miller (Left Ankle Injury), Liam O'Brien (Healthy)
Kale Kessy (Healthy), Olivier Archambault (Healthy)

SAN JOSE BRONCOS

5 vs 5 Forward 
   Center                   Left Wing                Right Wing               Time % Phy DF OF 
 1 Evgeni Malkin            Zach Parise              Alexander Radulov        36     1   2  2  
 2 Mikko Koivu              Dustin Brown             Connor Brown             31     1   2  2  
 3 Nick Bonino              Oliver Bjorkstrand       Colton Sissons           23     1   2  2  
 4 Jordan Weal              Oliver Bjorkstrand       Carter Rowney            10     1   2  2  

5 vs 5 Defense 
   Defense                  Defense                                           Time % Phy DF OF 
 1 Jared Spurgeon           Jaccob Slavin                                     39     1   2  2  
 2 Adam Pelech              Brady Skjei                                       34     1   2  2  
 3 Nick Holden              Marco Scandella                                   27     1   2  2  
 4 Brett Kulak              Jared Spurgeon                                    0      1   2  2  

PowerPlay Forward 
   Center                   Left Wing                Right Wing               Time % Phy DF OF 
 1 Evgeni Malkin            Zach Parise              Alexander Radulov        55     1   2  2  
 2 Nick Bonino              Dustin Brown             Connor Brown             45     1   2  2  

PowerPlay Defense
   Defense                  Defense                                           Time % Phy DF OF 
 1 Jared Spurgeon           Jaccob Slavin                                     55     1   2  2  
 2 Adam Pelech              Brady Skjei                                       45     1   2  2  

Penalty Kill 4 Players Forward 
   Center                   Wing                     Time % Phy DF OF 
 1 Mikko Koivu              Zach Parise              55     1   2  2  
 2 Nick Bonino              Oliver Bjorkstrand       45     1   2  2  

Penalty Kill 4 Players Defense
   Defense                  Defense                  Time % Phy DF OF 
 1 Jared Spurgeon           Jaccob Slavin            55     1   2  2  
 2 Adam Pelech              Brady Skjei              45     1   2  2  

Penalty Kill - 3 Players Forward 
   Forward                                           Time % Phy DF OF 
 1 Mikko Koivu                                       50     1   2  2  
 2 Nick Bonino                                       50     1   2  2  

Penalty Kill - 3 Players Defense
   Defense                  Defense                  Time % Phy DF OF 
 1 Jared Spurgeon           Jaccob Slavin            55     1   2  2  
 2 Adam Pelech              Brady Skjei              45     1   2  2  

4 vs 4 Forward 
   Center                   Wing                     Time % Phy DF OF 
 1 Mikko Koivu              Evgeni Malkin            55     1   2  2  
 2 Nick Bonino              Connor Brown             45     1   2  2  

4 vs 4 Defense
   Defense                  Defense                  Time % Phy DF OF 
 1 Jared Spurgeon           Jaccob Slavin            55     1   2  2  
 2 Adam Pelech              Brady Skjei              45     1   2  2  

Last Minutes Offensive
   Center                   Left Wing                Right Wing               Defense                  Defense                  
   Evgeni Malkin            Zach Parise              Alexander Radulov        Jared Spurgeon           Jaccob Slavin            

Last Minutes Defensive
   Center                   Left Wing                Right Wing               Defense                  Defense                  
   Mikko Koivu              Zach Parise              Alexander Radulov        Jared Spurgeon           Jaccob Slavin            

Goaltenders
Starting : Jacob Markstrom          
Backup : Petr Mrazek              

Extra Forwards
Normal : Connor Brown, Dustin Brown, Jordan Weal - PP : Oliver Bjorkstrand, Zach Parise - PK : Oliver Bjorkstrand
Extra Defensemen
Normal : Nick Holden, Marco Scandella, Brett Kulak - PP : Nick Holden - PK : Marco Scandella, Brett Kulak
Penalty Shots
Alexander Radulov, Evgeni Malkin, Zach Parise, Dustin Brown, Connor Brown
Custom OT Lines Forwards
Evgeni Malkin, Alexander Radulov, Mikko Koivu, Zach Parise, Nick Bonino, Connor Brown, Colton Sissons, Oliver Bjorkstrand, Jordan Weal, Dustin Brown
Custom OT Lines Defensemen
Jared Spurgeon, Jaccob Slavin, Adam Pelech, Brady Skjei, Nick Holden

Scratches
Brayden Point (Sore Right Knee Injury), Eemeli Rasanen (Healthy), Neal Pionk (Strained Left Knee Injury), Nikita Popugaev (Healthy), Nolan Stevens (Healthy)
Rem Pitlick (Healthy), Zach Fischer (Healthy)

% Time on Ice - WINNIPEG BEAVERS

Lines # - Real PCT - Wanted PCT - Time Play
Normal Forward
1 - 34% - 31% - 13:22
2 - 33% - 31% - 12:58
3 - 25% - 28% - 10:08
4 - 8% - 10% - 3:17
Normal Defense
1 - 37% - 32% - 14:38
2 - 38% - 31% - 15:17
3 - 25% - 28% - 9:50
4 - 0% - 9% - 0:00
PP Forward
1 - 57% - 52% - 3:25
2 - 43% - 48% - 2:32
PP Defense
1 - 66% - 52% - 3:55
2 - 34% - 48% - 2:02
PK Forward
1 - 56% - 52% - 7:10
2 - 44% - 48% - 5:34
PK Defense
1 - 52% - 50% - 6:35
2 - 48% - 50% - 6:09
PK3 Forward
1 - 59% - 55% - 0:55
2 - 41% - 45% - 0:38
PK3 Defense
1 - 59% - 55% - 0:55
2 - 41% - 45% - 0:38
44 Forward
1 - 0% - 51%
2 - 0% - 49%
44 Defense
1 - 0% - 51%
2 - 0% - 49%
Last Minute Offensive  - 0:01
Last Minute Defensive  - 0:00
Total
Forward - 60:00
Defense - 60:00

% Time on Ice - SAN JOSE BRONCOS

Lines # - Real PCT - Wanted PCT - Time Play
Normal Forward
1 - 35% - 36% - 13:41
2 - 28% - 31% - 11:12
3 - 17% - 23% - 6:50
4 - 20% - 10% - 7:48
Normal Defense
1 - 34% - 39% - 13:27
2 - 31% - 34% - 12:20
3 - 34% - 27% - 13:30
4 - 1% - 0% - 0:14
PP Forward
1 - 47% - 55% - 6:42
2 - 53% - 45% - 7:35
PP Defense
1 - 50% - 55% - 7:08
2 - 50% - 45% - 7:09
PK Forward
1 - 64% - 55% - 3:49
2 - 36% - 45% - 2:08
PK Defense
1 - 51% - 55% - 3:02
2 - 49% - 45% - 2:55
PK3 Forward
1 - 0% - 50%
2 - 0% - 50%
PK3 Defense
1 - 0% - 55%
2 - 0% - 45%
44 Forward
1 - 0% - 55%
2 - 0% - 45%
44 Defense
1 - 0% - 55%
2 - 0% - 45%
Last Minute Offensive  - 0:00
Last Minute Defensive  - 0:15
Total
Forward - 60:00
Defense - 60:00

Play-by-Play

1st period


0:01 of 1st period - Evgeni Malkin wins face-off versus Brad Marchand in neutral zone.
0:46 of 1st period - Shot by Alexander Radulov.
0:46 of 1st period - Stopped by Sergei Bobrovsky without a rebound.
0:47 of 1st period - Mikko Koivu wins face-off versus Mika Zibanejad in WINNIPEG BEAVERS zone.
1:06 of 1st period - Shot by Connor Brown.
1:06 of 1st period - Deflect By Mikko Koivu.
1:06 of 1st period - Stopped by Sergei Bobrovsky without a rebound.
1:07 of 1st period - David Backes wins face-off versus Nick Bonino in WINNIPEG BEAVERS zone.
1:35 of 1st period - Icing by Mike Green.
1:36 of 1st period - Travis Zajac wins face-off versus Dustin Brown in WINNIPEG BEAVERS zone.
1:49 of 1st period - Shot by Connor Brown.
1:49 of 1st period - Shot Blocked by Travis Zajac.
1:50 of 1st period - Minor Penalty to Nick Seeler for High sticking.
1:51 of 1st period - Travis Zajac wins face-off versus Evgeni Malkin in WINNIPEG BEAVERS zone.
1:56 of 1st period - Shot by Brandon Tanev.
1:56 of 1st period - Stopped by Jacob Markstrom without a rebound.
1:57 of 1st period - Evgeni Malkin wins face-off versus David Backes in SAN JOSE BRONCOS zone.
2:01 of 1st period - Off-side.
2:02 of 1st period - Evgeni Malkin wins face-off versus Brandon Tanev in neutral zone.
2:14 of 1st period - Minor Penalty to David Backes for Holding.
2:15 of 1st period - Nick Bonino wins face-off versus Travis Zajac in WINNIPEG BEAVERS zone.
2:20 of 1st period - Shot by Dustin Brown.
2:20 of 1st period - Shot Blocked by Kris Russell.
2:22 of 1st period - Shot by Adam Pelech.
2:22 of 1st period - Stopped by Sergei Bobrovsky without a rebound.
2:23 of 1st period - Nick Bonino wins face-off versus Travis Zajac in WINNIPEG BEAVERS zone.
2:55 of 1st period - Shot by Connor Brown.
2:55 of 1st period - Deflect By Dustin Brown.
2:55 of 1st period - Shot Misses the Net.
2:57 of 1st period - Shot by Adam Pelech.
2:57 of 1st period - Shot Blocked by Zach Bogosian.
3:47 of 1st period - Shot by Alexander Radulov.
3:47 of 1st period - Goal by Alexander Radulov - WINNIPEG BEAVERS : 0 - SAN JOSE BRONCOS : 1.
3:48 of 1st period - Evgeni Malkin wins face-off versus David Krejci in neutral zone.
4:21 of 1st period - Shot by Evgeni Malkin.
4:21 of 1st period - Stopped by Sergei Bobrovsky without a rebound.
4:22 of 1st period - Mika Zibanejad wins face-off versus Jordan Weal in WINNIPEG BEAVERS zone.
4:46 of 1st period - Shot by Reyley Smith.
4:46 of 1st period - Shot Blocked by Nick Holden.
4:48 of 1st period - Shot by Mika Zibanejad.
4:48 of 1st period - Stopped by Jacob Markstrom without a rebound.
4:49 of 1st period - David Krejci wins face-off versus Evgeni Malkin in SAN JOSE BRONCOS zone.
4:50 of 1st period - Shot by Brad Marchand.
4:50 of 1st period - Stopped by Jacob Markstrom without a rebound.
4:51 of 1st period - David Krejci wins face-off versus Evgeni Malkin in SAN JOSE BRONCOS zone.
5:08 of 1st period - Shot by Evgeni Malkin.
5:08 of 1st period - Goal by Evgeni Malkin - WINNIPEG BEAVERS : 0 - SAN JOSE BRONCOS : 2.
5:09 of 1st period - Travis Zajac wins face-off versus Mikko Koivu in neutral zone.
5:14 of 1st period - Shot by Ilya Kovalchuk.
5:14 of 1st period - Stopped by Jacob Markstrom without a rebound.
5:15 of 1st period - Mika Zibanejad wins face-off versus Mikko Koivu in SAN JOSE BRONCOS zone.
5:34 of 1st period - Shot by Mika Zibanejad.
5:34 of 1st period - Stopped by Jacob Markstrom without a rebound.
5:35 of 1st period - Travis Zajac wins face-off versus Evgeni Malkin in SAN JOSE BRONCOS zone.
7:16 of 1st period - Shot by Colton Sissons.
7:16 of 1st period - Shot Misses the Net.
7:23 of 1st period - Icing by Kris Russell.
7:24 of 1st period - Travis Zajac wins face-off versus Mikko Koivu in WINNIPEG BEAVERS zone.
7:39 of 1st period - Shot by David Krejci.
7:39 of 1st period - Stopped by Jacob Markstrom without a rebound.
7:40 of 1st period - Evgeni Malkin wins face-off versus David Krejci in SAN JOSE BRONCOS zone.
7:40 of 1st period - Evgeni Malkin is hit by Gustav Nyquist.
7:41 of 1st period - Minor Penalty to David Krejci for Holding.
7:42 of 1st period - Evgeni Malkin wins face-off versus Troy Brouwer in WINNIPEG BEAVERS zone.
8:07 of 1st period - Shot by Alexander Radulov.
8:07 of 1st period - Shot Misses the Net.
9:49 of 1st period - Shot by Brad Marchand.
9:49 of 1st period - Shot Misses the Net.
9:51 of 1st period - Shot by David Krejci.
9:51 of 1st period - Stopped by Jacob Markstrom without a rebound.
9:52 of 1st period - David Krejci wins face-off versus Evgeni Malkin in SAN JOSE BRONCOS zone.
9:57 of 1st period - Shot by Brad Marchand.
9:57 of 1st period - Stopped by Jacob Markstrom with a rebound.
11:37 of 1st period - Shot by Mika Zibanejad.
11:37 of 1st period - Deflect By Reyley Smith.
11:37 of 1st period - Shot Misses the Net.
12:04 of 1st period - Minor Penalty to Carter Rowney for Hooking.
12:05 of 1st period - Travis Zajac wins face-off versus Zach Parise in SAN JOSE BRONCOS zone.
12:15 of 1st period - Shot by Gustav Nyquist.
12:15 of 1st period - Stopped by Jacob Markstrom without a rebound.
12:16 of 1st period - Mikko Koivu wins face-off versus Travis Zajac in SAN JOSE BRONCOS zone.
12:16 of 1st period - Mikko Koivu is hit by Ilya Kovalchuk.
12:45 of 1st period - Shot by Travis Zajac.
12:45 of 1st period - Stopped by Jacob Markstrom without a rebound.
12:46 of 1st period - Mika Zibanejad wins face-off versus Mikko Koivu in SAN JOSE BRONCOS zone.
13:18 of 1st period - Shot by Brad Marchand.
13:18 of 1st period - Shot Misses the Net.
13:25 of 1st period - Icing by Reyley Smith.
13:26 of 1st period - Mika Zibanejad wins face-off versus Oliver Bjorkstrand in WINNIPEG BEAVERS zone.
13:28 of 1st period - Icing by Brad Marchand.
13:29 of 1st period - Mika Zibanejad wins face-off versus Nick Bonino in WINNIPEG BEAVERS zone.
13:34 of 1st period - Shot by Mika Zibanejad.
13:34 of 1st period - Shot Misses the Net.
14:19 of 1st period - Minor Penalty to Justin Braun for Slashing.
14:20 of 1st period - Dustin Brown wins face-off versus Travis Zajac in WINNIPEG BEAVERS zone.
14:39 of 1st period - Shot by Jaccob Slavin.
14:39 of 1st period - Shot Misses the Net.
16:35 of 1st period - Oliver Bjorkstrand is hit by Caleb Jones and loses puck.
16:57 of 1st period - Shot by Oliver Bjorkstrand.
16:57 of 1st period - Shot Blocked by Caleb Jones.
17:04 of 1st period - Off-side.
17:05 of 1st period - Mikko Koivu wins face-off versus Matt Cullen in neutral zone.
18:14 of 1st period - Shot by Ilya Kovalchuk.
18:14 of 1st period - Stopped by Jacob Markstrom without a rebound.
18:15 of 1st period - Evgeni Malkin wins face-off versus Reyley Smith in SAN JOSE BRONCOS zone.
19:09 of 1st period - Icing by Justin Braun.
19:10 of 1st period - Mika Zibanejad wins face-off versus Nick Bonino in WINNIPEG BEAVERS zone.
19:34 of 1st period - Icing by Mika Zibanejad.
19:35 of 1st period - Mikko Koivu wins face-off versus Mika Zibanejad in WINNIPEG BEAVERS zone.
19:54 of 1st period - Icing by Mika Zibanejad.
19:55 of 1st period - Evgeni Malkin wins face-off versus Mika Zibanejad in WINNIPEG BEAVERS zone.
19:58 of 1st period - Shot by Evgeni Malkin.
19:58 of 1st period - Stopped by Sergei Bobrovsky without a rebound.
19:59 of 1st period - Mikko Koivu wins face-off versus David Krejci in WINNIPEG BEAVERS zone.
Goals for this period are 0 for WINNIPEG BEAVERS vs 2 for SAN JOSE BRONCOS.
Shots for this period are 11 for WINNIPEG BEAVERS vs 7 for SAN JOSE BRONCOS.

2nd period


0:01 of 2nd period - David Krejci wins face-off versus Mikko Koivu in neutral zone.
0:15 of 2nd period - Brad Marchand is hit by Brady Skjei and loses puck.
0:27 of 2nd period - David Krejci is hit by Adam Pelech and loses puck.
0:39 of 2nd period - Minor Penalty to Brady Skjei for Hooking.
0:40 of 2nd period - Nick Bonino wins face-off versus Mika Zibanejad in SAN JOSE BRONCOS zone.
1:55 of 2nd period - Marco Scandella is hit by Ilya Kovalchuk and loses puck.
2:10 of 2nd period - Shot by Ilya Kovalchuk.
2:10 of 2nd period - Shot Misses the Net.
2:12 of 2nd period - Shot by Gustav Nyquist.
2:12 of 2nd period - Stopped by Jacob Markstrom without a rebound.
2:13 of 2nd period - Mika Zibanejad wins face-off versus Mikko Koivu in SAN JOSE BRONCOS zone.
2:49 of 2nd period - Icing by Adam Pelech.
2:50 of 2nd period - Travis Zajac wins face-off versus Jordan Weal in SAN JOSE BRONCOS zone.
3:01 of 2nd period - Brady Skjei is hit by David Backes and loses puck.
3:12 of 2nd period - Shot by Oliver Bjorkstrand.
3:12 of 2nd period - Stopped by Sergei Bobrovsky without a rebound.
3:13 of 2nd period - Matt Cullen wins face-off versus Evgeni Malkin in WINNIPEG BEAVERS zone.
3:13 of 2nd period - Matt Cullen is hit by Evgeni Malkin.
3:27 of 2nd period - Shot by Pontus Aberg.
3:27 of 2nd period - Stopped by Jacob Markstrom without a rebound.
3:28 of 2nd period - Nick Bonino wins face-off versus Mika Zibanejad in SAN JOSE BRONCOS zone.
3:40 of 2nd period - Oliver Bjorkstrand is hit by Nick Seeler and loses puck.
3:50 of 2nd period - Colton Sissons is hit by Nick Seeler and loses puck.
3:57 of 2nd period - Shot by Oliver Bjorkstrand.
3:57 of 2nd period - Shot Misses the Net.
3:59 of 2nd period - Shot by Oliver Bjorkstrand.
3:59 of 2nd period - Shot Blocked by Mika Zibanejad.
4:08 of 2nd period - Oliver Bjorkstrand is hit by Nick Seeler.
4:14 of 2nd period - Shot by Oliver Bjorkstrand.
4:14 of 2nd period - Stopped by Sergei Bobrovsky without a rebound.
4:15 of 2nd period - Alexander Radulov wins face-off versus David Krejci in WINNIPEG BEAVERS zone.
4:22 of 2nd period - Shot by Zach Parise.
4:22 of 2nd period - Shot Misses the Net.
4:31 of 2nd period - Alexander Radulov is hit by Zach Bogosian and loses puck.
4:36 of 2nd period - Shot by Zach Parise.
4:36 of 2nd period - Shot Misses the Net.
4:41 of 2nd period - Icing by Kris Russell.
4:42 of 2nd period - Mikko Koivu wins face-off versus David Krejci in WINNIPEG BEAVERS zone.
4:45 of 2nd period - Shot by Connor Brown.
4:45 of 2nd period - Shot Misses the Net.
4:56 of 2nd period - Mikko Koivu is hit by Kris Russell.
5:01 of 2nd period - Mikko Koivu is hit by Zach Bogosian.
5:10 of 2nd period - Shot by Connor Brown.
5:10 of 2nd period - Stopped by Sergei Bobrovsky with a rebound.
5:11 of 2nd period - Minor Penalty to Zach Bogosian for Slashing.
5:12 of 2nd period - Travis Zajac wins face-off versus Evgeni Malkin in WINNIPEG BEAVERS zone.
6:14 of 2nd period - Nick Seeler is hit by Dustin Brown and loses puck.
6:43 of 2nd period - Shot by Dustin Brown.
6:43 of 2nd period - Shot Misses the Net.
6:45 of 2nd period - Shot by Adam Pelech.
6:45 of 2nd period - Shot Misses the Net.
7:19 of 2nd period - Shot by Jordan Weal.
7:19 of 2nd period - Stopped by Sergei Bobrovsky with a rebound.
8:08 of 2nd period - Shot by Connor Brown.
8:08 of 2nd period - Stopped by Sergei Bobrovsky with a rebound.
8:10 of 2nd period - Shot by Dustin Brown.
8:10 of 2nd period - Stopped by Sergei Bobrovsky without a rebound.
8:11 of 2nd period - Mika Zibanejad wins face-off versus Alexander Radulov in WINNIPEG BEAVERS zone.
8:35 of 2nd period - Icing by Reyley Smith.
8:36 of 2nd period - Mika Zibanejad wins face-off versus Mikko Koivu in WINNIPEG BEAVERS zone.
9:06 of 2nd period - Minor Penalty to Connor Brown for Slashing.
9:07 of 2nd period - Mikko Koivu wins face-off versus Travis Zajac in SAN JOSE BRONCOS zone.
9:18 of 2nd period - Brady Skjei is hit by Gustav Nyquist and loses puck.
9:43 of 2nd period - Shot by Travis Zajac.
9:43 of 2nd period - Shot Misses the Net.
9:47 of 2nd period - Shot by David Krejci.
9:47 of 2nd period - Stopped by Jacob Markstrom without a rebound.
9:48 of 2nd period - Mikko Koivu wins face-off versus Mika Zibanejad in SAN JOSE BRONCOS zone.
9:58 of 2nd period - Off-side.
9:59 of 2nd period - Mika Zibanejad wins face-off versus Mikko Koivu in neutral zone.
10:20 of 2nd period - Shot by Mika Zibanejad.
10:20 of 2nd period - Shot Blocked by Brady Skjei.
10:32 of 2nd period - Jaccob Slavin is hit by Brad Marchand and loses puck.
11:33 of 2nd period - Shot by Oliver Bjorkstrand.
11:33 of 2nd period - Shot Misses the Net.
11:35 of 2nd period - Shot by Jordan Weal.
11:35 of 2nd period - Stopped by Sergei Bobrovsky with a rebound.
11:53 of 2nd period - Off-side.
11:54 of 2nd period - Travis Zajac wins face-off versus Evgeni Malkin in neutral zone.
11:54 of 2nd period - Travis Zajac is hit by Zach Parise.
12:08 of 2nd period - Shot by Evgeni Malkin.
12:08 of 2nd period - Shot Misses the Net.
12:35 of 2nd period - Shot by Zach Parise.
12:35 of 2nd period - Shot Misses the Net.
12:37 of 2nd period - Shot by Jaccob Slavin.
12:37 of 2nd period - Stopped by Sergei Bobrovsky without a rebound.
12:38 of 2nd period - Mika Zibanejad wins face-off versus Mikko Koivu in WINNIPEG BEAVERS zone.
12:40 of 2nd period - Reyley Smith is hit by Dustin Brown and loses puck.
13:13 of 2nd period - Shot by Mika Zibanejad.
13:13 of 2nd period - Stopped by Jacob Markstrom without a rebound.
13:14 of 2nd period - Nick Bonino wins face-off versus David Krejci in SAN JOSE BRONCOS zone.
14:22 of 2nd period - Shot by Zach Parise.
14:22 of 2nd period - Shot Misses the Net.
15:27 of 2nd period - Minor Penalty to Brandon Tanev for Cross-checking.
15:28 of 2nd period - Nick Bonino wins face-off versus Troy Brouwer in WINNIPEG BEAVERS zone.
15:45 of 2nd period - Shot by Dustin Brown.
15:45 of 2nd period - Stopped by Sergei Bobrovsky with a rebound.
17:51 of 2nd period - Oliver Bjorkstrand is hit by Brandon Tanev and loses puck.
18:12 of 2nd period - Brandon Tanev is hit by Oliver Bjorkstrand and loses puck.
18:14 of 2nd period - Minor Penalty to Caleb Jones for Hooking.
18:15 of 2nd period - David Backes wins face-off versus Evgeni Malkin in WINNIPEG BEAVERS zone.
19:30 of 2nd period - Shot by Evgeni Malkin.
19:30 of 2nd period - Shot Blocked by Kris Russell.
19:32 of 2nd period - Shot by Evgeni Malkin.
19:32 of 2nd period - Shot Misses the Net.
19:34 of 2nd period - Shot by Jaccob Slavin.
19:34 of 2nd period - Stopped by Sergei Bobrovsky without a rebound.
19:35 of 2nd period - Nick Bonino wins face-off versus David Backes in WINNIPEG BEAVERS zone.
Goals for this period are 0 for WINNIPEG BEAVERS vs 0 for SAN JOSE BRONCOS.
Shots for this period are 4 for WINNIPEG BEAVERS vs 10 for SAN JOSE BRONCOS.

3rd period


0:01 of 3rd period - Evgeni Malkin wins face-off versus David Backes in neutral zone.
0:59 of 3rd period - Shot by Mikko Koivu.
0:59 of 3rd period - Shot Misses the Net.
1:33 of 3rd period - Shot by Ilya Kovalchuk.
1:33 of 3rd period - Stopped by Jacob Markstrom with a rebound.
1:43 of 3rd period - Evgeni Malkin is hit by David Backes and loses puck.
2:28 of 3rd period - Shot by Colton Sissons.
2:28 of 3rd period - Stopped by Sergei Bobrovsky without a rebound.
2:29 of 3rd period - Jordan Weal wins face-off versus Gustav Nyquist in WINNIPEG BEAVERS zone.
2:57 of 3rd period - Shot by Gustav Nyquist.
2:57 of 3rd period - Deflect By Brad Marchand.
2:57 of 3rd period - Shot Misses the Net.
2:59 of 3rd period - Shot by Brad Marchand.
2:59 of 3rd period - Shot Blocked by Nick Holden.
3:07 of 3rd period - Shot by Brad Marchand.
3:07 of 3rd period - Stopped by Jacob Markstrom without a rebound.
3:08 of 3rd period - Mikko Koivu wins face-off versus Mika Zibanejad in SAN JOSE BRONCOS zone.
3:13 of 3rd period - Shot by Connor Brown.
3:13 of 3rd period - Shot Misses the Net.
3:26 of 3rd period - Shot by Connor Brown.
3:26 of 3rd period - Shot Misses the Net.
3:48 of 3rd period - Shot by Mikko Koivu.
3:48 of 3rd period - Shot Misses the Net.
4:21 of 3rd period - Icing by Jared Spurgeon.
4:22 of 3rd period - Matt Cullen wins face-off versus Evgeni Malkin in SAN JOSE BRONCOS zone.
4:23 of 3rd period - Shot by Pontus Aberg.
4:23 of 3rd period - Stopped by Jacob Markstrom with a rebound.
4:49 of 3rd period - Shot by Alexander Radulov.
4:49 of 3rd period - Stopped by Sergei Bobrovsky without a rebound.
4:50 of 3rd period - David Krejci wins face-off versus Nick Bonino in WINNIPEG BEAVERS zone.
5:06 of 3rd period - Off-side.
5:07 of 3rd period - Travis Zajac wins face-off versus Evgeni Malkin in neutral zone.
5:14 of 3rd period - Shot by Zach Parise.
5:14 of 3rd period - Stopped by Sergei Bobrovsky without a rebound.
5:15 of 3rd period - David Krejci wins face-off versus Alexander Radulov in WINNIPEG BEAVERS zone.
5:38 of 3rd period - Shot by Evgeni Malkin.
5:38 of 3rd period - Stopped by Sergei Bobrovsky without a rebound.
5:39 of 3rd period - Travis Zajac wins face-off versus Mikko Koivu in WINNIPEG BEAVERS zone.
5:39 of 3rd period - Travis Zajac is hit by Connor Brown.
5:59 of 3rd period - Shot by Travis Zajac.
5:59 of 3rd period - Shot Blocked by Adam Pelech.
6:01 of 3rd period - Shot by Travis Zajac.
6:01 of 3rd period - Shot Blocked by Adam Pelech.
6:12 of 3rd period - Icing by Connor Brown.
6:13 of 3rd period - Mikko Koivu wins face-off versus David Krejci in SAN JOSE BRONCOS zone.
6:13 of 3rd period - Mikko Koivu is hit by David Krejci.
6:35 of 3rd period - Shot by Gustav Nyquist.
6:35 of 3rd period - Deflect By Brad Marchand.
6:35 of 3rd period - Goal by Brad Marchand - WINNIPEG BEAVERS : 1 - SAN JOSE BRONCOS : 2.
6:36 of 3rd period - Evgeni Malkin wins face-off versus Reyley Smith in neutral zone.
7:50 of 3rd period - Shot by Travis Zajac.
7:50 of 3rd period - Shot Blocked by Marco Scandella.
7:52 of 3rd period - Shot by David Backes.
7:52 of 3rd period - Stopped by Jacob Markstrom without a rebound.
7:53 of 3rd period - Brad Marchand wins face-off versus Dustin Brown in SAN JOSE BRONCOS zone.
9:22 of 3rd period - Icing by Nick Holden.
9:23 of 3rd period - Nick Bonino wins face-off versus Mika Zibanejad in SAN JOSE BRONCOS zone.
9:37 of 3rd period - Icing by Justin Braun.
9:38 of 3rd period - Mika Zibanejad wins face-off versus Evgeni Malkin in WINNIPEG BEAVERS zone.
10:29 of 3rd period - Shot by Ilya Kovalchuk.
10:29 of 3rd period - Stopped by Jacob Markstrom without a rebound.
10:30 of 3rd period - Mikko Koivu wins face-off versus Ilya Kovalchuk in SAN JOSE BRONCOS zone.
10:39 of 3rd period - Shot by Dustin Brown.
10:39 of 3rd period - Deflect By Connor Brown.
10:39 of 3rd period - Stopped by Sergei Bobrovsky without a rebound.
10:40 of 3rd period - David Krejci wins face-off versus Nick Bonino in WINNIPEG BEAVERS zone.
10:59 of 3rd period - Shot by Gustav Nyquist.
10:59 of 3rd period - Stopped by Jacob Markstrom without a rebound.
11:00 of 3rd period - Travis Zajac wins face-off versus Mikko Koivu in SAN JOSE BRONCOS zone.
11:06 of 3rd period - David Backes is hit by Nick Holden and loses puck.
11:35 of 3rd period - Shot by Travis Zajac.
11:35 of 3rd period - Stopped by Jacob Markstrom without a rebound.
11:36 of 3rd period - David Krejci wins face-off versus Zach Parise in SAN JOSE BRONCOS zone.
11:47 of 3rd period - Shot by David Krejci.
11:47 of 3rd period - Stopped by Jacob Markstrom without a rebound.
11:48 of 3rd period - Mika Zibanejad wins face-off versus Nick Bonino in SAN JOSE BRONCOS zone.
12:24 of 3rd period - Shot by Oliver Bjorkstrand.
12:24 of 3rd period - Shot Blocked by Brandon Tanev.
12:32 of 3rd period - Shot by Oliver Bjorkstrand.
12:32 of 3rd period - Stopped by Sergei Bobrovsky with a rebound.
12:44 of 3rd period - Jared Spurgeon is hit by Brandon Tanev and loses puck.
12:56 of 3rd period - Icing by Reyley Smith.
12:57 of 3rd period - Mikko Koivu wins face-off versus Brandon Tanev in WINNIPEG BEAVERS zone.
13:12 of 3rd period - Shot by Dustin Brown.
13:12 of 3rd period - Shot Misses the Net.
13:41 of 3rd period - Shot by Mikko Koivu.
13:41 of 3rd period - Shot Blocked by Mika Zibanejad.
13:46 of 3rd period - Icing by Mika Zibanejad.
13:47 of 3rd period - Reyley Smith wins face-off versus Evgeni Malkin in WINNIPEG BEAVERS zone.
14:04 of 3rd period - David Krejci is hit by Evgeni Malkin.
14:05 of 3rd period - Icing by David Krejci.
14:06 of 3rd period - David Krejci wins face-off versus Nick Bonino in WINNIPEG BEAVERS zone.
14:06 of 3rd period - David Krejci is hit by Nick Bonino.
14:22 of 3rd period - Shot by David Krejci.
14:22 of 3rd period - Stopped by Jacob Markstrom without a rebound.
14:23 of 3rd period - Travis Zajac wins face-off versus Evgeni Malkin in SAN JOSE BRONCOS zone.
14:48 of 3rd period - Shot by Zach Parise.
14:48 of 3rd period - Stopped by Sergei Bobrovsky without a rebound.
14:49 of 3rd period - Mikko Koivu wins face-off versus David Krejci in WINNIPEG BEAVERS zone.
14:51 of 3rd period - Minor Penalty to Nick Seeler for Hooking.
14:52 of 3rd period - Nick Bonino wins face-off versus David Backes in WINNIPEG BEAVERS zone.
15:03 of 3rd period - Shot by Dustin Brown.
15:03 of 3rd period - Shot Blocked by Zach Bogosian.
16:04 of 3rd period - Shot by Zach Parise.
16:04 of 3rd period - Shot Misses the Net.
16:12 of 3rd period - Shot by Zach Parise.
16:12 of 3rd period - Stopped by Sergei Bobrovsky without a rebound.
16:13 of 3rd period - Travis Zajac wins face-off versus Zach Parise in WINNIPEG BEAVERS zone.
17:46 of 3rd period - Pontus Aberg is hit by Nick Holden and loses puck.
18:21 of 3rd period - Shot by Ilya Kovalchuk.
18:21 of 3rd period - Deflect By David Backes.
18:21 of 3rd period - Stopped by Jacob Markstrom without a rebound.
18:22 of 3rd period - Ilya Kovalchuk wins face-off versus Alexander Radulov in SAN JOSE BRONCOS zone.
18:36 of 3rd period - Shot by Zach Parise.
18:36 of 3rd period - Shot Misses the Net.
18:38 of 3rd period - Shot by Brady Skjei.
18:38 of 3rd period - Stopped by Sergei Bobrovsky without a rebound.
18:39 of 3rd period - Mikko Koivu wins face-off versus David Krejci in WINNIPEG BEAVERS zone.
18:51 of 3rd period - Icing by David Krejci.
18:52 of 3rd period - Evgeni Malkin wins face-off versus David Krejci in WINNIPEG BEAVERS zone.
19:13 of 3rd period - WINNIPEG BEAVERS, Sergei Bobrovsky is pulled from the net.
19:16 of 3rd period - David Krejci is hit by Brady Skjei and loses puck.
19:35 of 3rd period - Brad Marchand is hit by Evgeni Malkin and loses puck.
Goals for this period are 1 for WINNIPEG BEAVERS vs 0 for SAN JOSE BRONCOS.
Shots for this period are 11 for WINNIPEG BEAVERS vs 9 for SAN JOSE BRONCOS.


DARCY
KUEMPER
JAKE
OETTINGER
NINO
NIEDERREITER

EAST COAST

HOCKEY LEAGUE

  • 1.CHI2QUE4
  • 2.LIM2CHA3
  • 3.LON3TRV5
  • 4.BAL5CHW6
  • 5.MANPIT
  • 6.NHWATL
  • 7.PETWOR
  • 8.RHI